[Event "Team 45 45 League T57"]
[Site "Internet Chess Club"]
[Date "2013.07.02"]
[Round "6"]
[White "barbak"]
[Black "PopolVuh"]
[Result "0-1"]
[WhiteElo "1930"]
[BlackElo "1964"]
[Opening "Pirc defense"]
[ECO "B07"]
[Time "14:30:12"]
[TimeControl "2700+45"]

1. e4 d6 2. d4 Nf6 3. Nc3 g6 4. Be3 c6 5. Nf3 Bg7 6. Qd2 Nbd7 7. h3 O-O 8. a4 e5
9. Bc4 Qe7 10. Bh6 exd4 11. Nxd4 Nxe4 12. Nxe4 Qxe4+ 13. Be3 Ne5 14. Bf1 Bh6 15.
O-O-O Bxe3 16. fxe3 c5 17. Nb5 Qxa4 18. Na3 Rd8 19. Bb5 Qe4 20. Rhf1 Qb4 21. Qd5
Be6 22. Qxb7 Rab8 23. Qc7 c4 24. Rd2 a6 25. c3 Qb3 26. Rxd6 Rdc8 27. Qe7 axb5
28. Rxe6 Nd3+ 29. Kd2 Qxb2+ 30. Nc2 Rf8 31. Qf6 Nc5 32. Rd6 {White resigns} 0-1

[Event "Team 45 45 League T57"]
[Site "Internet Chess Club"]
[Date "2013.07.01"]
[Round "6"]
[White "hariputter"]
[Black "chess9793"]
[Result "1-0"]
[WhiteElo "2149"]
[BlackElo "2053"]
[Opening "Sicilian defense"]
[ECO "B30"]
[Time "22:45:33"]
[TimeControl "2700+45"]

1. e4 c5 2. Nf3 Nc6 3. c3 Nf6 4. e5 Nd5 5. d4 cxd4 6. cxd4 d6 7. exd6 Qxd6 8.
Nc3 g6 9. Be2 Bg7 10. O-O O-O 11. Be3 Be6 12. a3 Rad8 13. Ne4 Qc7 14. Rc1 Qb6
15. b4 a6 16. Rc5 Bf5 17. Ng3 Bc8 18. Qa4 e5 19. Nxe5 Nxe5 20. dxe5 Nxe3 21.
fxe3 Rfe8 22. Bc4 Be6 23. Qb3 Rd7 24. Ne4 h6 25. Nd6 Bxc4 26. Qxc4 Rf8 27. e6
Rxd6 28. e7 Re6 29. exf8=Q+ Bxf8 30. Re5 Rf6 31. Rxf6 Qxf6 32. Re8 Qa1+ 33. Kf2
Qb2+ 34. Kg3 g5 35. Qc8 Kg7 36. Rxf8 Qe5+ 37. Kf2 Qf6+ 38. Ke2 Qb2+ 39. Kf3 Qf6+
40. Ke4 Qg6+ 41. Ke5 Qf6+ 42. Kd5 {Black resigns} 1-0

[Event "Team 45 45 League T57"]
[Site "Internet Chess Club"]
[Date "2013.07.06"]
[Round "6"]
[White "Rodin7"]
[Black "xwang1"]
[Result "1-0"]
[WhiteElo "2133"]
[BlackElo "1988"]
[Opening "Giuoco Piano"]
[ECO "C50"]
[Time "13:21:03"]
[TimeControl "2700+45"]

1. e4 e5 2. Nf3 Nc6 3. Bc4 Bc5 4. O-O Nf6 5. d3 d6 6. c3 a6 7. a4 O-O 8. b4 Ba7
9. h3 h6 10. Nbd2 Re8 11. Bb3 Be6 12. Re1 Bxb3 13. Qxb3 d5 14. Bb2 b5 15. Rad1
Qd6 16. Nh4 Rad8 17. Nf5 Qe6 18. axb5 axb5 19. Qc2 Nh5 20. Nf1 Nf4 21. N1g3 dxe4
22. Rxe4 Qa2 23. Ra1 Qd5 24. d4 Ng6 25. Qe2 Kf8 26. dxe5 Ngxe5 27. c4 bxc4 28.
Bxe5 Rxe5 29. Rxe5 Bxf2+ 30. Kxf2 Nxe5 31. Ra5 Nd3+ 32. Kg1 Qd7 33. Qg4 f6 34.
Qxc4 Ne5 35. Qc5+ Kf7 36. Ra1 {Black resigns} 1-0

[Event "Team 45 45 League T57"]
[Site "Internet Chess Club"]
[Date "2013.07.01"]
[Round "6"]
[White "lacibacsi"]
[Black "Stryker672"]
[Result "1/2-1/2"]
[WhiteElo "1983"]
[BlackElo "2032"]
[Opening "Four knights: Scotch, 4...exd4"]
[ECO "C47"]
[Time "16:01:28"]
[TimeControl "2700+45"]

1. e4 e5 2. Nf3 Nc6 3. Nc3 Nf6 4. d4 exd4 5. Nxd4 Bb4 6. Nxc6 bxc6 7. Bd3 d5 8.
exd5 cxd5 9. O-O O-O 10. Bg5 c6 11. Na4 Be6 12. a3 Be7 13. b4 Nd7 14. Bxe7 Qxe7
15. Re1 Qf6 16. Rc1 Nb6 17. Nc5 Rfe8 18. a4 Nd7 19. Nxd7 Bxd7 20. c4 {Game drawn
by mutual agreement} 1/2-1/2

[Event "Team 45 45 League T57"]
[Site "Internet Chess Club"]
[Date "2013.07.01"]
[Round "6"]
[White "DARKwizard1"]
[Black "avila"]
[Result "1/2-1/2"]
[WhiteElo "2010"]
[BlackElo "1951"]
[Opening "King's pawn opening"]
[ECO "B07"]
[Time "20:01:29"]
[TimeControl "2700+45"]

1. e4 d6 2. d4 c6 3. Nc3 Qc7 4. Nf3 e5 5. Be3 Nf6 6. Bc4 Be7 7. Bb3 O-O 8. h3
exd4 9. Nxd4 Nbd7 10. Nf5 Re8 11. O-O Bf8 12. Bf4 Ne5 13. Re1 Bxf5 14. exf5 d5
15. Qd4 Bd6 16. Bg5 Ned7 17. Kf1 h6 18. Bd2 Bc5 19. Qf4 Bd6 20. Qh4 Be7 21. Bf4
Qb6 22. Be3 Qc7 23. Kg1 Ne4 24. Qg4 Ndf6 25. Qf3 Nxc3 26. bxc3 b5 27. a4 a6 28.
axb5 axb5 29. Rxa8 Rxa8 30. Bd4 Ne4 31. g3 Qd6 32. Rd1 Ng5 33. Qg4 Rd8 34. h4 h5
35. Qxh5 Ne4 36. Qg4 Bf6 37. Bb6 Rd7 38. Ra1 Qb8 39. Be3 c5 40. Bxd5 Nxf2 41.
Bxf7+ Rxf7 42. Kxf2 Bxc3 43. Rd1 Qc7 44. Bf4 Qe7 45. Bg5 Bf6 46. Re1 Qd7 47.
Bxf6 Rxf6 48. Re5 c4 49. Qe4 Qd2+ 50. Qe2 Qd4+ 51. Kg2 b4 52. Re4 Qd5 53. Qxc4
Rxf5 54. g4 Re5 55. Kf3 Qxc4 56. Rxc4 Rb5 57. g5 b3 58. cxb3 Rxb3+ 59. Kg4 g6
60. Kf4 Rb5 61. Rc7 Kf8 62. Ra7 Kg8 63. Ke4 Kf8 64. Rd7 Ra5 65. Rd5 Ra1 66. Ke5
Rf1 67. Ke6 Kg7 68. Rd7+ Kg8 69. Rd6 Kg7 70. Ke7 Re1+ 71. Re6 Rf1 72. Re4 Rf2
73. Ke6 Rf1 74. Ke5 Rf5+ 75. Kd4 Rf1 76. Ke3 Rf8 77. Rf4 Re8+ 78. Kf3 Re7 79.
Kg4 Ra7 80. Rb4 Rc7 81. h5 gxh5+ 82. Kxh5 Ra7 83. Rb6 Rc7 84. Rg6+ Kh7 85. Rd6
Kg7 86. Kg4 Ra7 87. Rb6 Rc7 88. Kf4 Ra7 89. Rb5 Rc7 90. Kf5 Ra7 91. Re5 Rb7 92.
g6 Ra7 93. Kg5 Rb7 94. Rd5 Ra7 95. Kh5 Rb7 96. Rf5 Ra7 97. Rf7+ Rxf7 98. gxf7
Kxf7 {Game drawn because neither player has mating material} 1/2-1/2

[Event "Team 45 45 League T57"]
[Site "Internet Chess Club"]
[Date "2013.06.29"]
[Round "6"]
[White "toukon"]
[Black "az2112"]
[Result "0-1"]
[WhiteElo "1729"]
[BlackElo "1679"]
[Opening "Grünfeld: 4.Bf4"]
[ECO "D82"]
[Time "21:00:13"]
[TimeControl "2700+45"]

1. d4 Nf6 2. c4 g6 3. Nc3 d5 4. Bf4 c6 5. e3 Bg7 6. Nf3 O-O 7. Bd3 Nbd7 8. c5 b6
9. b4 a5 10. a3 Nh5 11. Bg5 bxc5 12. bxc5 Nxc5 13. Bc2 Ba6 14. Qd2 Nb7 15. Bd3
Bxd3 16. Qxd3 Nf6 17. O-O c5 18. Qb5 cxd4 19. Nxd4 Nd6 20. Qd3 Nde4 21. Nxe4
dxe4 22. Qb5 Qd5 23. Qe2 Qxg5 {White resigns} 0-1

[Event "Team 45 45 League T57"]
[Site "Internet Chess Club"]
[Date "2013.06.26"]
[Round "6"]
[White "Schack"]
[Black "QuieroAprender"]
[Result "1-0"]
[WhiteElo "1685"]
[BlackElo "1710"]
[Opening "King's Indian: 5.Nf3"]
[ECO "E90"]
[Time "20:01:15"]
[TimeControl "2700+45"]

1. d4 Nf6 2. c4 g6 3. Nc3 d6 4. e4 Bg7 5. Nf3 Bg4 6. Be2 c6 7. h3 Bxf3 8. Bxf3
O-O 9. O-O a6 10. Be3 e5 11. dxe5 dxe5 12. Qb3 Qc7 13. Rfd1 Nbd7 14. c5 Rfd8 15.
Rac1 Bf8 16. Na4 Qa5 17. Bg5 Kg7 18. Rxd7 Rxd7 19. Nb6 Rad8 20. Nxd7 Rxd7 21.
Qc3 Qxa2 22. Qxe5 Qe6 23. Qxe6 fxe6 24. e5 Nd5 25. Bxd5 cxd5 26. c6 bxc6 27.
Rxc6 d4 28. Kf1 d3 29. Ke1 Bb4+ 30. Bd2 Rb7 31. Rxe6 Bxd2+ 32. Kxd2 Rxb2+ 33.
Kxd3 Rxf2 34. Rxa6 Rxg2 35. Ra7+ Kg8 36. e6 Rg3+ 37. Ke4 Rxh3 38. Ra8+ Kg7 39.
e7 Rh1 40. e8=Q Re1+ 41. Kf4 Rf1+ 42. Kg3 {Black resigns} 1-0

[Event "Team 45 45 League T57"]
[Site "Internet Chess Club"]
[Date "2013.06.28"]
[Round "6"]
[White "Lumumba"]
[Black "drsigmund1"]
[Result "1-0"]
[WhiteElo "1679"]
[BlackElo "1529"]
[Opening "Queen's pawn: Keres defense"]
[ECO "A40"]
[Time "19:00:39"]
[TimeControl "2700+45"]

1. d4 e6 2. c4 b6 3. a3 Bb7 4. Nc3 c5 5. d5 Qh4 6. e3 g6 7. Nf3 Qe7 8. g3 Bg7 9.
Bg2 Nf6 10. Nb5 Na6 11. O-O exd5 12. cxd5 Nxd5 13. e4 Ndc7 14. Nd6+ Kf8 15. Nxb7
d5 16. exd5 Ne8 17. d6 Qxb7 18. Ne5 Qb8 19. Nd7+ {Black resigns} 1-0

[Event "Team 45 45 League T57"]
[Site "Internet Chess Club"]
[Date "2013.06.29"]
[Round "6"]
[White "sdcohle"]
[Black "BotanicalKnight"]
[Result "1-0"]
[WhiteElo "1452"]
[BlackElo "1472"]
[Opening "Dutch defense"]
[ECO "A84"]
[Time "22:01:53"]
[TimeControl "2700+45"]

1. d4 f5 2. c4 e6 3. Nf3 Nf6 4. e3 d5 5. c5 a5 6. Nc3 c6 7. Bd3 Be7 8. O-O O-O
9. Na4 Nbd7 10. Qb3 Ne4 11. Nd2 Kh8 12. f3 Nxd2 13. Bxd2 e5 14. Rac1 e4 15. fxe4
fxe4 16. Be2 Qc7 17. Rxf8+ Bxf8 18. Rf1 Nf6 19. Rf4 Be7 20. Be1 g5 21. Rf1 Bg4
22. Qc2 Bxe2 23. Qxe2 Kg7 24. Bg3 Qd8 25. Nb6 Ra6 26. Qf2 Kg8 27. Be5 Kf7 28.
Qf5 h6 29. Qh7+ Ke6 30. Qxh6 Qf8 31. Qxg5 {Black resigns} 1-0

[Event "Team 45 45 League T57"]
[Site "Internet Chess Club"]
[Date "2013.06.28"]
[Round "6"]
[White "Egmont"]
[Black "LiangLiang"]
[Result "0-1"]
[WhiteElo "1732"]
[BlackElo "1761"]
[Opening "Queen's pawn: London system"]
[ECO "A45"]
[Time "12:00:09"]
[TimeControl "2700+45"]

1. d4 Nf6 2. Bf4 g6 3. e3 Bg7 4. Be2 O-O 5. Nf3 c5 6. c3 d6 7. h3 Nc6 8. O-O
cxd4 9. exd4 a6 10. Re1 Qb6 11. Qb3 Qc7 12. Bd3 Be6 13. Qc2 Rac8 14. Qe2 Rfe8
15. Nbd2 Nd7 16. Ng5 Bd5 17. c4 Nxd4 18. Qf1 Bc6 19. Rac1 Nc5 20. Bb1 Nde6 21.
b4 Nxf4 22. bxc5 Bxg2 23. cxd6 Qxd6 24. Nge4 Qd7 {White resigns} 0-1

[Event "Team 45 45 League T57"]
[Site "Internet Chess Club"]
[Date "2013.06.29"]
[Round "6"]
[White "DouDou"]
[Black "Kingofknights"]
[Result "0-1"]
[WhiteElo "1693"]
[BlackElo "1660"]
[Opening "Caro-Kann: Steinitz variation"]
[ECO "B17"]
[Time "11:00:13"]
[TimeControl "2700+45"]

1. e4 c6 2. d4 d5 3. Nc3 dxe4 4. Nxe4 Nd7 5. Qe2 e6 6. Nf3 Ngf6 7. Nxf6+ Nxf6 8.
Bg5 Be7 9. g3 h6 10. Bf4 O-O 11. Bg2 Bd6 12. Bxd6 Qxd6 13. O-O b5 14. Ne5 Nd5
15. b3 a5 16. c4 bxc4 17. bxc4 Ba6 18. Qd2 Ne7 19. Rfe1 Rfd8 20. Rad1 Qc7 21.
Qe2 Rab8 22. Qh5 Rf8 23. Rb1 Rb4 24. Rxb4 axb4 25. Rb1 Qd6 26. Qg4 c5 27. Rd1 f6
28. Nf3 Bxc4 29. Rc1 Bxa2 30. dxc5 Qb8 31. Rc2 Bd5 32. Rb2 b3 33. Nd2 Qe5 34.
Rb1 Bxg2 35. Kxg2 Qd5+ 36. Nf3 Rb8 37. Qd4 Nc6 38. Qxd5 exd5 39. Nd2 Na5 40. Kf3
Kf7 41. Ke3 Ke6 42. Kd4 Nc6+ 43. Kc3 d4+ 44. Kd3 Kd5 45. Rxb3 Ne5+ 46. Ke2 Rxb3
47. Nxb3 Kc4 48. f4 Nc6 49. Nd2+ Kxc5 50. Kf3 Kd5 51. Kg4 d3 52. Kh5 Ne7 53. Kg4
Kd4 54. Kf3 Nd5 55. Nf1 f5 56. h4 h5 {White resigns} 0-1

[Event "Team 45 45 League T57"]
[Site "Internet Chess Club"]
[Date "2013.06.28"]
[Round "6"]
[White "whiskeytown"]
[Black "ilovechess"]
[Result "1-0"]
[WhiteElo "1572"]
[BlackElo "1436"]
[Opening "Four knights: symmetrical variation"]
[ECO "C49"]
[Time "13:03:44"]
[TimeControl "2700+45"]

1. e4 e5 2. Nf3 Nc6 3. Nc3 Nf6 4. Bb5 Bb4 5. O-O O-O 6. d3 d6 7. Bg5 h6 8. Bd2
Bg4 9. Bxc6 bxc6 10. h3 Bh5 11. g4 Bg6 12. Ne2 Bxd2 13. Qxd2 c5 14. Ng3 Qd7 15.
Nf5 Bxf5 16. gxf5 Qc6 17. Rae1 Rab8 18. b3 Nh7 19. Kh2 Kh8 20. Nh4 Qe8 21. Rg1
Rg8 22. Rg2 Nf8 23. Reg1 f6 24. Rxg7 Rxg7 25. Qxh6+ Rh7 26. Qxf6+ Rg7 27. Qxg7#
{Black checkmated} 1-0

[Event "Team 45 45 League T57"]
[Site "Internet Chess Club"]
[Date "2013.06.28"]
[Round "6"]
[White "hi12980"]
[Black "tightfist"]
[Result "1-0"]
[WhiteElo "1775"]
[BlackElo "1541"]
[Opening "French: Tarrasch, closed variation"]
[ECO "C05"]
[Time "23:02:49"]
[TimeControl "2700+45"]

1. e4 e6 2. d4 d5 3. Nd2 Nf6 4. e5 Nfd7 5. Ngf3 c5 6. c3 Nc6 7. Nb3 cxd4 8. cxd4
Bb4+ 9. Bd2 Qb6 10. Bc3 Bxc3+ 11. bxc3 Na5 12. Be2 Qc7 13. Rc1 Nc4 14. O-O O-O
15. Qc2 b6 16. Bd3 g6 17. Rcd1 Ba6 18. Qc1 Kg7 19. h3 Rac8 20. Ng5 Bb7 21. h4 h6
22. Nf3 h5 23. Nh2 Qd8 24. Nf3 Qe7 25. Ng5 f6 26. exf6+ Rxf6 27. Rfe1 Rc6 28.
Re2 Qa3 29. Rde1 Qd6 30. Rxe6 Rxe6 31. Rxe6 Qc7 32. Re7+ Kg8 33. Ne6 Qc8 34.
Rg7+ Kh8 35. Qh6# {Black checkmated} 1-0

[Event "Team 45 45 League T57"]
[Site "Internet Chess Club"]
[Date "2013.06.26"]
[Round "6"]
[White "ticopatzer"]
[Black "JustinL"]
[Result "1/2-1/2"]
[WhiteElo "1706"]
[BlackElo "1952"]
[Opening "Dutch defense, Rubinstein variation"]
[ECO "A84"]
[Time "19:02:46"]
[TimeControl "2700+45"]

1. d4 f5 2. c4 e6 3. Nc3 Nf6 4. Bg5 Be7 5. e3 O-O 6. Nf3 d6 7. Bd3 c5 8. O-O Nc6
9. a3 Bd7 10. d5 Ne5 11. Nxe5 dxe5 12. Qc2 e4 13. Be2 exd5 14. Bxf6 Bxf6 15.
Nxd5 Be5 16. Rad1 Be6 17. f3 exf3 18. Bxf3 Qg5 19. Qe2 Rae8 20. b4 b6 21. Qd3 h5
22. Nf4 Bf7 23. Kh1 Bxf4 24. exf4 Qf6 25. Qd7 Re7 26. Qd3 Rfe8 27. Bd5 g6 28.
bxc5 bxc5 29. Bxf7+ Qxf7 30. Qd6 Re4 31. Qxc5 Rxc4 32. Qb5 Rce4 33. Rd7 R8e7 34.
Rd8+ Re8 35. Rd7 R4e7 36. Rd6 Re6 37. Rd7 R8e7 38. Rd8+ Kg7 39. a4 Qf6 40. h3
Re1 41. Kh2 Rxf1 42. Qxf1 h4 43. Qc4 Kh6 44. Qc8 Rh7 45. a5 Qe7 46. Rh8 g5 47.
Qc6+ Kh5 48. Re8 Qf7 {Game drawn by mutual agreement} 1/2-1/2

[Event "Team 45 45 League T57"]
[Site "Internet Chess Club"]
[Date "2013.06.30"]
[Round "6"]
[White "justice02"]
[Black "JWB"]
[Result "1-0"]
[WhiteElo "1728"]
[BlackElo "1719"]
[Opening "Grünfeld with e3 & Bd3"]
[ECO "D94"]
[Time "09:00:28"]
[TimeControl "2700+45"]

1. c4 Nf6 2. d4 g6 3. Nc3 d5 4. e3 Bg7 5. Nf3 O-O 6. Bd3 c5 7. cxd5 Nxd5 8. O-O
Nc6 9. Nxd5 Qxd5 10. e4 Qd8 11. d5 Ne5 12. Nxe5 Bxe5 13. f4 Bd4+ 14. Kh1 e6 15.
dxe6 Bxe6 16. f5 Bd7 17. fxg6 hxg6 18. a4 Kg7 19. Qf3 Be6 20. Bf4 Rh8 21. Rac1
b6 22. Bb5 Qh4 23. Bg3 Qg4 24. Qxg4 Bxg4 25. b4 cxb4 26. Rc4 Bc3 27. Rxc3 bxc3
28. Be5+ Kg8 29. Bxc3 Rh7 30. Bf6 Be6 31. Rd1 Rh5 32. e5 Rf5 33. g4 Rf4 34. g5
Bc4 35. Bc6 Rb8 36. Kg2 Be6 37. Kg3 Rc4 38. Bb5 Rg4+ 39. Kf3 a6 40. Bxa6 Rxa4
41. Be2 Bg4+ 42. Ke3 Bxe2 43. Kxe2 Ra2+ 44. Kd3 Rxh2 45. Kc4 Rh4+ 46. Kb5 Rh2
47. e6 Re2 48. e7 Rxe7 49. Bxe7 Rb7 50. Rd8+ Kg7 51. Bf6+ {Black resigns} 1-0

[Event "Team 45 45 League T57"]
[Site "Internet Chess Club"]
[Date "2013.06.29"]
[Round "6"]
[White "rayngrant"]
[Black "noblitz-oblige"]
[Result "0-1"]
[WhiteElo "1545"]
[BlackElo "1584"]
[Opening "two knights defense: Ulvestad variation"]
[ECO "C57"]
[Time "22:03:30"]
[TimeControl "2700+45"]

1. e4 e5 2. Nf3 Nc6 3. Bc4 Nf6 4. Ng5 d5 5. exd5 b5 6. Bxb5 Qxd5 7. Bf1 e4 8. d3
Bg4 9. f3 exf3 10. Nxf3 Bc5 11. Nc3 Qh5 12. Be2 O-O 13. Bf4 Rfe8 14. Kf1 Re7 15.
Qd2 Rae8 16. Re1 Bxf3 17. Bxf3 Rxe1+ 18. Qxe1 Rxe1+ 19. Kxe1 Qf5 20. Bxc7 Nd4
21. Kd1 Nxf3 22. Rf1 Qd7 {White resigns} 0-1

[Event "Team 45 45 League T57"]
[Site "Internet Chess Club"]
[Date "2013.06.30"]
[Round "6"]
[White "globulon"]
[Black "julesraider"]
[Result "0-1"]
[WhiteElo "1369"]
[BlackElo "1583"]
[Opening "Caro-Kann: classical, Spassky variation"]
[ECO "B19"]
[Time "09:06:30"]
[TimeControl "2700+45"]

1. e4 c6 2. d4 d5 3. Nc3 dxe4 4. Nxe4 Bf5 5. Ng3 Bg6 6. h4 h6 7. Nf3 Nd7 8. h5
Bh7 9. Bd3 Bxd3 10. Qxd3 e6 11. Be3 Qa5+ 12. Bd2 Bb4 13. Ne4 Ngf6 14. Nd6+ Ke7
15. Nxf7 Bxd2+ 16. Kd1 Kxf7 17. Qg6+ Kf8 18. Ne5 Nxe5 19. dxe5 Bf4 20. c3 Rd8+
21. Kc2 Rd2+ 22. Kc1 Rxf2+ 23. Kb1 Qb5 24. b3 Qe2 25. exf6 Qb2# {White
checkmated} 0-1

[Event "Team 45 45 League T57"]
[Site "Internet Chess Club"]
[Date "2013.06.30"]
[Round "6"]
[White "misuc56"]
[Black "Grenadier"]
[Result "0-1"]
[WhiteElo "1881"]
[BlackElo "1729"]
[Opening "Old Indian defense"]
[ECO "A53"]
[Time "09:00:31"]
[TimeControl "2700+45"]

1. d4 Nf6 2. c4 d6 3. e3 Bg4 4. Nf3 Nbd7 5. Nc3 e5 6. Be2 Be7 7. h3 Bh5 8. O-O
O-O 9. Bd2 Re8 10. Rc1 c6 11. b4 Rc8 12. a3 Bf8 13. Nh2 Bg6 14. Ng4 Qc7 15. Be1
Re7 16. d5 c5 17. Nb5 Qb8 18. a4 a6 19. Na3 cxb4 20. Bxb4 Nc5 21. Nxf6+ gxf6 22.
f3 Bh6 23. e4 Bxc1 24. Qxc1 Nxa4 25. Qd2 Nc5 26. Bxc5 Rxc5 27. Bd3 Rec7 28. Rb1
Qa7 29. Kh2 Qb8 30. Nc2 Qc8 31. g4 Qd8 32. Ne3 Qf8 33. Ng2 Qe8 34. Ra1 Qc8 35.
Kg3 b5 36. cxb5 axb5 37. Ra2 Qb8 38. Rb2 Rb7 39. h4 h5 40. g5 Qd8 41. f4 fxg5
42. hxg5 exf4+ 43. Qxf4 Rc3 44. Ne1 Qd7 45. Kf2 Qg4 46. Qxg4 hxg4 47. Ke2 b4 48.
Kd2 Rc5 49. Rb3 Rc3 50. Rb2 Kf8 51. Ng2 Ra3 52. Ne3 b3 53. Nxg4 Ra2 54. Kc3 Rxb2
55. Kxb2 Rb4 56. Nf6 Ke7 57. Kc3 Rb8 58. Kb2 Kd8 59. Bc4 Rb4 60. Bd3 Kc7 61. Kc3
Rb6 62. Kb2 Rb8 63. Bc4 Rb4 64. Bd3 Kb6 65. Kc3 Ka5 66. Kb2 Rb8 67. Ng4 Kb4 68.
Nf2 Ra8 69. Bb1 Rh8 70. Nd3+ Kc4 71. Nf4 Rh2+ 72. Kc1 b2+ 73. Kd1 Rh1+ 74. Kc2
Bxe4+ {White resigns} 0-1

[Event "Team 45 45 League T57"]
[Site "Internet Chess Club"]
[Date "2013.06.30"]
[Round "6"]
[White "GoIrish"]
[Black "jps7"]
[Result "1-0"]
[WhiteElo "1612"]
[BlackElo "1829"]
[Opening "Réti opening"]
[ECO "A05"]
[Time "20:34:22"]
[TimeControl "2700+45"]

1. Nf3 Nf6 2. g3 d5 3. Bg2 c6 4. O-O h6 5. d3 Bf5 6. Re1 e6 7. Nbd2 Bh7 8. b3
Bb4 9. a3 Bc3 10. Rb1 Nbd7 11. Bb2 Bxb2 12. Rxb2 Qa5 13. Ra2 Qb6 14. c4 Ng4 15.
Rf1 O-O 16. h3 Ngf6 17. Qc1 d4 18. b4 e5 19. c5 Qc7 20. Nc4 Nd5 21. Nd6 Nc3 22.
Rc2 Nxe2+ 23. Rxe2 Bxd3 24. Rfe1 Bxe2 25. Rxe2 f6 26. Qc4+ Kh7 27. Qd3+ g6 28.
Nh4 Rg8 29. Be4 Nf8 30. Qf3 Qe7 31. Qd3 Rd8 32. f4 Qg7 33. fxe5 fxe5 34. Rf2 Kh8
35. Rf7 g5 36. Rxg7 Rxg7 37. Ng6+ Nxg6 38. Bxg6 Kg8 39. Qc4+ Kf8 40. Bd3 Rdd7
41. Qe6 Rde7 42. Qc8+ Re8 43. Qxe8# {Black checkmated} 1-0

[Event "Team 45 45 League T57"]
[Site "Internet Chess Club"]
[Date "2013.07.01"]
[Round "6"]
[White "supermessi"]
[Black "BrerRabbit"]
[Result "1/2-1/2"]
[WhiteElo "1565"]
[BlackElo "1485"]
[Opening "Old Indian defense"]
[ECO "A42"]
[Time "19:01:43"]
[TimeControl "2700+45"]

1. d4 d6 2. c4 e5 3. Nf3 e4 4. Nfd2 f5 5. e3 c5 6. Nb3 Nc6 7. d5 Ne5 8. Be2 Nf6
9. O-O Be7 10. f3 exf3 11. Bxf3 Bd7 12. Be2 Qc7 13. N3d2 O-O-O 14. Nf3 Nfg4 15.
h3 Nxf3+ 16. Rxf3 Ne5 17. Rf1 Bf6 18. Nd2 g6 19. Nf3 Rde8 20. Rb1 Kb8 21. a3 g5
22. Nxe5 Bxe5 23. Bd3 Qc8 24. b4 Ka8 25. b5 h5 26. Qc2 Rhf8 27. Bb2 Bxb2 28.
Rxb2 Rxe3 29. Qd2 f4 30. Rf3 Rfe8 31. Rb1 Bf5 32. Bxf5 Qxf5 33. Rbf1 Qe5 34. Qc2
Qe4 35. Qxe4 R8xe4 36. Rc1 Rxf3 37. gxf3 Re3 38. Kf2 Kb8 39. Rg1 Re5 40. a4 Kc7
41. a5 h4 42. Rg2 Kd7 43. Rg1 Ke7 44. Re1 Kf6 45. Re2 Kf5 46. Ke1 Kf6 47. Kd2
Kf5 48. Kd3 Kf6 49. Kd2 Kf5 50. Kd3 Kf6 51. Kd2 Kf5 52. a6 b6 53. Kd3 Kf6 54.
Kd2 {Game drawn by mutual agreement} 1/2-1/2

[Event "Team 45 45 League T57"]
[Site "Internet Chess Club"]
[Date "2013.06.27"]
[Round "6"]
[White "AlPearson"]
[Black "rahulr"]
[Result "0-1"]
[WhiteElo "1364"]
[BlackElo "1632"]
[Opening "Queen's pawn game"]
[ECO "E12"]
[Time "13:02:12"]
[TimeControl "2700+45"]

1. d4 Nf6 2. c4 e6 3. Nc3 b6 4. Bg5 Bb7 5. Nf3 Be7 6. e3 O-O 7. Bd3 h6 8. Bxf6
Bxf6 9. O-O d6 10. Qc2 Nd7 11. e4 c5 12. d5 exd5 13. exd5 Ne5 14. Rae1 Nxf3+ 15.
gxf3 Be5 16. Ne4 b5 17. b3 b4 18. Kh1 Bc8 19. Ng3 Bh3 20. Rg1 Qf6 21. Qe2 Qf4
22. Qe4 g6 23. Qxf4 Bxf4 24. Nh5 Be5 25. f4 Bd4 26. Bf1 Bxf2 27. Nf6+ Kg7 28.
Nd7 Bxd7 29. Re7 Bxg1 30. Kxg1 Bf5 31. Kf2 Rfe8 32. Rd7 Bxd7 {White resigns} 0-1

[Event "Team 45 45 League T57"]
[Site "Internet Chess Club"]
[Date "2013.07.02"]
[Round "6"]
[White "koni"]
[Black "Chess-Dream"]
[Result "0-1"]
[WhiteElo "1929"]
[BlackElo "2167"]
[Opening "French: King's Indian attack"]
[ECO "C00"]
[Time "14:31:08"]
[TimeControl "2700+45"]

1. e4 e6 2. d3 d5 3. Nd2 Nf6 4. Ngf3 b6 5. g3 dxe4 6. dxe4 Bb7 7. Qe2 Nc6 8. Bg2
a5 9. O-O Ba6 10. Nc4 Nd4 11. Qd3 Nxf3+ 12. Bxf3 Qxd3 13. cxd3 Rd8 14. Rd1 Bxc4
15. dxc4 Rxd1+ 16. Bxd1 Nxe4 17. Ba4+ Kd8 18. Bf4 Bd6 19. Rd1 Ke7 20. Be3 Rd8
21. Bc6 Nf6 22. Rc1 Be5 23. c5 Bd4 24. Bxd4 Rxd4 25. cxb6 cxb6 26. Bb5 Nd5 27.
a4 Rd2 28. b3 Rb2 29. Bc4 Kd6 30. h4 h6 31. Rd1 g5 32. hxg5 hxg5 33. Rd3 g4 34.
f4 gxf3 35. Rxf3 f5 36. Rd3 Rc2 37. Rd4 Ke5 38. Rh4 Ne3 39. Bb5 Rg2+ 40. Kh1
Rxg3 41. Rh6 Nc2 42. Bd7 Nd4 43. Rh8 Rxb3 44. Rb8 Rb2 {White resigns} 0-1

[Event "Team 45 45 League T57"]
[Site "Internet Chess Club"]
[Date "2013.06.30"]
[Round "6"]
[White "dmarcolino"]
[Black "poni"]
[Result "1/2-1/2"]
[WhiteElo "1962"]
[BlackElo "1906"]
[Opening "Philidor: Improved Hanham variation"]
[ECO "B07"]
[Time "13:35:44"]
[TimeControl "2700+45"]

1. e4 d6 2. d4 Nf6 3. Nc3 e5 4. Nf3 Nbd7 5. Bc4 Be7 6. O-O O-O 7. a4 c6 8. Re1
a5 9. h3 Nb6 10. Ba2 Nfd7 11. Be3 exd4 12. Bxd4 Nc5 13. Bxc5 dxc5 14. Qxd8 Rxd8
15. Ne5 {Game drawn by mutual agreement} 1/2-1/2

[Event "Team 45 45 League T57"]
[Site "Internet Chess Club"]
[Date "2013.06.30"]
[Round "6"]
[White "kingphisch"]
[Black "jjimalo"]
[Result "1/2-1/2"]
[WhiteElo "1487"]
[BlackElo "1913"]
[Opening "Sicilian: closed"]
[ECO "B24"]
[Time "12:00:41"]
[TimeControl "2700+45"]

1. e4 c5 2. Nc3 Nc6 3. g3 g6 4. Bg2 Bg7 5. Nf3 e6 6. O-O Nge7 7. d3 O-O 8. Bd2
d5 9. exd5 exd5 10. Rb1 Bg4 11. h3 Bf5 12. Re1 h5 13. Ne2 Qd7 14. h4 Rfe8 15.
Kh2 d4 16. Nf4 Bg4 17. Bh3 Bxh3 18. Nxh3 Nd5 19. Re2 Re7 20. Rxe7 Qxe7 21. Qe1
Re8 22. Qxe7 Rxe7 23. Re1 Rxe1 24. Nxe1 Kf8 25. Nf3 Ncb4 26. Nf4 Nxf4 27. Bxb4
Nxd3 28. cxd3 cxb4 29. b3 Ke7 30. Kg2 Kd6 31. Ng5 f6 32. Ne4+ Kd5 33. Kf3 b6 34.
Ke2 Ke5 35. f4+ Kd5 {Game drawn by mutual agreement} 1/2-1/2

[Event "Team 45 45 League T57"]
[Site "Internet Chess Club"]
[Date "2013.06.29"]
[Round "6"]
[White "przechrzczony"]
[Black "Cryptochess"]
[Result "1/2-1/2"]
[WhiteElo "2050"]
[BlackElo "2084"]
[Opening "Pirc: Sveshnikov system"]
[ECO "B07"]
[Time "09:10:54"]
[TimeControl "2700+45"]

1. e4 d6 2. d4 Nf6 3. Nc3 g6 4. g3 Bg7 5. Bg2 O-O 6. Nge2 e5 7. O-O Nc6 8. Re1
Bg4 9. h3 exd4 10. hxg4 dxc3 11. Nxc3 Re8 12. g5 Nd7 13. Nd5 Ne7 14. c4 Ne5 15.
Qb3 Rb8 16. Be3 c5 17. Rad1 N7c6 18. Kf1 Na5 19. Qc2 Naxc4 20. Bc1 b5 21. f4 Nc6
22. b3 Nb6 23. Nf6+ Bxf6 24. gxf6 Qxf6 25. Bb2 Qe7 26. Qc3 Nd4 27. Qd3 Nd7 28.
Bxd4 cxd4 29. Qxd4 Rb6 30. e5 Qf8 31. exd6 Rxe1+ 32. Kxe1 Qe8+ 33. Kf1 Qe6 34.
Kg1 a5 35. Kh2 Rb8 36. Qa7 Qg4 37. Rd2 Re8 38. Qxa5 Qh5+ 39. Kg1 Qc5+ 40. Kh2
Qh5+ 41. Bh3 Re2+ 42. Rxe2 Qxe2+ 43. Bg2 Qh5+ 44. Kg1 Qd1+ 45. Kh2 Qh5+ {Game
drawn by mutual agreement} 1/2-1/2

[Event "Team 45 45 League T57"]
[Site "Internet Chess Club"]
[Date "2013.06.27"]
[Round "6"]
[White "typhoon"]
[Black "bat30"]
[Result "0-1"]
[WhiteElo "1622"]
[BlackElo "1932"]
[Opening "QGD: 4.Nf3"]
[ECO "D37"]
[Time "21:12:44"]
[TimeControl "2700+45"]

1. d4 d5 2. c4 e6 3. Nc3 Nf6 4. Nf3 Nc6 5. Bg5 Be7 6. e3 O-O 7. Be2 dxc4 8. Bxc4
h6 9. Bh4 b6 10. O-O Bb7 11. Rc1 Nd7 12. Bg3 Rc8 13. a3 Bd6 14. e4 Bxg3 15. hxg3
Na5 16. Ba2 c5 17. d5 exd5 18. exd5 Nf6 19. Ne5 Re8 20. f4 c4 21. g4 Nxd5 22.
Nxd5 Qxd5 23. Qc2 Nc6 24. Bb1 Nxe5 25. fxe5 Rxe5 26. Qh7+ Kf8 27. Rxf7+ Kxf7 28.
Rf1+ Ke8 29. Bg6+ Kd7 30. Qxg7+ Re7 31. Bf5+ Qxf5 32. Rd1+ Ke8 33. Qxe7+ Kxe7
34. gxf5 Rg8 35. Rd2 Rxg2+ 36. Rxg2 Bxg2 37. Kxg2 Kf6 {White resigns} 0-1